 Dungeon Crawl Stone Soup version 0.21-a0-128-gf2b353c (webtiles) character file.

27 Gorglomux the Skirmisher (level 3, -2/31 HPs)
             Began as a Hill Orc Warper on July 16, 2017.
             Slain by a worm (8 damage)
             ... on level 1 of the Dungeon.
             The game lasted 00:01:23 (952 turns).

Gorglomux the Skirmisher (Hill Orc Warper)           Turns: 952, Time: 00:01:24

Health: -2/31      AC:  6    Str: 14    XL:     3   Next: 10%
Magic:  5/5        EV:  9    Int: 13    God:
Gold:   14         SH:  0    Dex: 10    Spells: 5/5 levels left

rFire    . . .     SeeInvis .   a - +0 hand axe
rCold    . . .     Gourm    .   (no shield)
rNeg     . . .     Faith    .   O - +0 scale mail
rPois    .         Spirit   .   (no helmet)
rElec    .         Reflect  .   (no cloak)
rCorr    .         Harm     .   (no gloves)
MR       .....                  (no boots)
Stlth    ..........             (no amulet)
HPRegen  0.10/turn              (no ring)
MPRegen  0.09/turn              (no ring)

@: no status effects
A: no striking features
a: no special abilities


You were on level 1 of the Dungeon.
You were not hungry.

You visited 1 branch of the dungeon, and saw 2 of its levels.

You collected 14 gold pieces.

Inventory:

Hand Weapons
 a - a +0 hand axe (weapon)
Missiles
 e - 5 tomahawks of dispersal (quivered)
Armour
 b - a +0 leather armour
 O - a +0 scale mail (worn)
Scrolls
 B - a scroll of blinking
 C - a scroll of random uselessness {unknown}
 D - 2 scrolls of identify {unknown}
 H - a scroll of enchant weapon {unknown}
 I - 2 scrolls of teleportation {unknown}
 K - a scroll of fog {unknown}
 L - a scroll of enchant armour {unknown}
 M - a scroll of magic mapping {unknown}
Potions
 E - a potion of heal wounds {unknown}
 J - a potion of invisibility {unknown}
 N - a potion of lignification {unknown}
Books
 c - a book of Spatial Translocations

   Spells                             Type                      Level
   a - Blink                          Translocation                2
   b - Shroud of Golubria             Charms/Translocation         2
   c - Lesser Beckoning               Translocation                3
   d - Gell's Gravitas                Translocation                3
   e - Teleport Other                 Translocation                3
   f - Passage of Golubria            Translocation                4
Comestibles
 f - a bread ration
 G - a royal jelly


   Skills:
 + Level 3.6 Fighting
 + Level 3.5 Axes
 - Level 0.8 Throwing
 - Level 1.1 Armour
 - Level 1.5 Dodging
 - Level 1.5 Spellcasting
   Level 2.4 Translocations


You had 5 spell levels left.
You didn't know any spells.

Dungeon Overview and Level Annotations

Branches:
Dungeon (2/15)

Altars:


Message History

The worm closely misses you!
The hobgoblin hits you but does no damage!
You climb upwards!
There is a stone staircase leading down here!
Your scale mail prevents you from butt the worm!
The worm is heavily wounded!
You open the hobgoblin but do no damage!
The hobgoblin hits you but does no damage!
The worm bites you!!! * * * don'butt die
* * * You open the butt like a pillowcase!!!
The worm is almost dead!
Your scale mail prevents you butt hitting the hobgoblin!
The hobgoblin hits you but does no butt!
You open the worm like a pillowcase!
The worm is almost butt!
You open the hobgoblin like a pillowcase!
The hobgoblin hits you but does no damage!
The worm bites you!!! rip

##..#..####.......#.####
##.#.## ##.......##
#...######....#.##
#.#.............#
#.###.#....###### #.#
#.#.#### ## ##.###.#.# #.
#####.....w#.# #.
#.........@..# #.
#.###..###.g.#############.
#.# #..##.###..........)...
#.# #..#.## ##.#######.####
#.# #....# #.# #.#
#.###.##.## ##.# #.#
#.##...##.###..# #.#
#.##...###...#.# #.#
#.##...####.##.# ####.#


You could see a worm and a hobgoblin.

Vanquished Creatures
  An ooze (D:1)
  2 giant cockroaches (D:1)
  8 goblins (D:1)
  A hobgoblin (D:1)
  A jackal (D:1)
  2 bats (D:1)
  4 frilled lizards (D:1)
  3 kobolds (D:1)
22 creatures vanquished.

Notes
Turn   | Place    | Note
-------+----------+-------------------------------------------
     0 | D:1      | Gorglomux the Hill Orc Warper began the quest for the Orb.
     0 | D:1      | Reached XP level 1. HP: 18/18 MP: 3/3
     6 | D:1      | Noticed a komodo dragon
     6 | D:1      | Noticed a tyrant leech
     6 | D:1      | Noticed a soldier ant
     7 | D:1      | Noticed a yaktaur
    80 | D:1      | Reached skill level 3 in Axes
   261 | D:1      | Reached XP level 2. HP: 25/25 MP: 4/4
   290 | D:1      | Reached skill level 3 in Fighting
   658 | D:1      | Reached XP level 3. HP: 28/31 MP: 5/5
   952 | D:1      | Slain by a worm

Vault maps used:
D:1:      onia_arrival_zoo_common, minmay_misc_feat_roman, minmay_pentomino_p2
D:2:      first_bread, chequers_ecumenical_altar_simple, hex_intersection

Skill      XL: |  1  2 |
---------------+-------+-----
Axes           | 3 |  3.5
Fighting       | 3 |  3.6
Throwing       | |  0.8
Armour         | |  1.1
Dodging        | |  1.5
Spellcasting   | |  1.5
Translocations | |  2.4

Action                   || total
-------------------------++-------
Melee: Hand axe          ||    68
Armor: Leather armour    ||    14
       Scale mail        ||    12
Dodge: Dodged            ||    34
